 Dungeon Crawl Stone Soup version 0.25.0-46-gbd7b0854d2 (webtiles) character file.

Game seed: 10153479672219358510

212 Dirian the Slasher (level 5, -3/46 HPs)
             Began as a Minotaur Fighter on July 14, 2020.
             Slain by an orc
             ... wielding a +2 whip of electrocution
              (13 damage)
             ... on level 3 of the Dungeon.
             The game lasted 00:02:20 (2033 turns).

Dirian the Slasher (Minotaur Fighter)               Turns: 2033, Time: 00:02:20

Health: -3/46      AC: 10    Str: 21    XL:     5   Next: 58%
Magic:  4/4        EV:  7    Int:  5    God:
Gold:   139        SH:  9    Dex: 10    Spells: 4/4 levels left

rFire    . . .     SeeInvis .   a - +0 long sword
rCold    . . .     Gourm    .   c - +0 kite shield
rNeg     . . .     Faith    .   b - +0 scale mail
rPois    .         Spirit   .   (helmet restricted)
rElec    .         Reflect  .   (no cloak)
rCorr    .         Harm     .   r - +1 pair of gloves
MR       .....                  g - +0 pair of boots
Stlth    ..........             (no amulet)
HPRegen  0.15/turn              (no ring)
MPRegen  0.09/turn              (no ring)

@: no status effects
A: retaliatory headbutt, horns 2
a: no special abilities


You were on level 3 of the Dungeon.
You were not hungry.

You visited 1 branch of the dungeon, and saw 3 of its levels.

You collected 139 gold pieces.

Inventory:

Hand Weapons
 a - a +0 long sword (weapon)
Armour
 b - a +0 scale mail (worn)
 c - a +0 kite shield (worn)
 g - a +0 pair of boots (worn)
 h - a +0 chain mail
 r - a +1 pair of gloves (worn)
Jewellery
 f - an uncursed ring of protection from fire {unknown}
 p - a cursed -4 ring of intelligence {unknown}
Scrolls
 i - 2 scrolls of blinking {unknown}
 j - 2 scrolls of amnesia {unknown}
 k - a scroll of identify {unknown}
 m - a scroll of noise {unknown}
 o - a scroll of immolation {unknown}
Potions
 d - 3 potions of might
 l - a potion of cancellation {unknown}
 q - a potion of degeneration {unknown}
Comestibles
 e - 5 rations
 n - 5 chunks of flesh


   Skills:
 + Level 4.2 Fighting
 * Level 5.4 Long Blades
 + Level 4.6 Armour
 + Level 4.5 Shields


You had 4 spell levels left.
You didn't know any spells.
Your spell library was empty.

Dungeon Overview and Level Annotations

Branches:
Dungeon (3/15)

Altars:


Innate Abilities, Weirdness & Mutations

You reflexively headbutt those who attack you in melee.
You have a pair of horns on your head.


Message History

You are too injured to fight recklessly!
You are too injured to fight recklessly!
You are too injured to fight recklessly!
You are too injured to fight recklessly!
You are too injured to fight recklessly!
You are too injured to fight recklessly!
You are too injured to fight recklessly!
You are too injured to fight recklessly!
You are too injured to fight recklessly!
You are too injured to fight recklessly!
You are too injured to fight recklessly!
You are too injured to fight recklessly!
You are too injured to fight recklessly!
You hit the orc but do no damage. You block the orc's attack.
The orc hits you but does no damage.
You are electrocuted!
* * * LOW HITPOINT WARNING * * *
You hit the orc. Your headbutt misses the orc.
The orc is moderately wounded.
The orc hits you but does no damage.
You are electrocuted!
You die... o

o.. ########.....
#########..@ooo......
##..<......######..!.#
#####...######...# .##
.................#
...##...######...#
...###...# ##.## #.##
###.# #.# #.# #.# #.#
#.# #.# #.#


You could see an orc priest and 2 orcs.

Vanquished Creatures
  Sigmund (D:3)
  3 worms
  A leopard gecko (D:1)
  4 orcs (D:3)
  6 goblins
  6 hobgoblins
  2 jackals (D:2)
  3 kobolds
  A quokka (D:2)
  8 bats
  3 frilled lizards
  4 rats
42 creatures vanquished.

Notes
Turn   | Place    | Note
-------+----------+-------------------------------------------
     0 | D:1      | Dirian the Minotaur Fighter began the quest for the Orb.
     0 | D:1      | Reached XP level 1. HP: 19/19 MP: 0/0
    55 | D:1      | You fall into a shaft and drop 1 floor!
   263 | D:2      | Reached XP level 2. HP: 27/27 MP: 1/1
   817 | D:1      | Reached skill level 3 in Long Blades
  1031 | D:1      | Reached XP level 3. HP: 33/33 MP: 2/2
  1689 | D:3      | Noticed Sigmund
  1711 | D:3      | Killed Sigmund
  1711 | D:3      | Reached skill level 5 in Long Blades
  1711 | D:3      | Reached XP level 4. HP: 16/40 MP: 3/3
  1711 | D:3      | Reached XP level 5. HP: 18/46 MP: 4/4
  2033 | D:3      | Slain by an orc

Illustrated notes

Levels and vault maps discovered:
D:1:      dpeg_arrival_pond, layout_loops_ring
D:2:      layout_basic
D:3:      kennysheep_the_goblin_king, layout_loops_ring, trog_hazing_becter,
          uniq_sigmund

Skill      XL: |  1  2  3 |
---------------+----------+-----
Shields        | 4 |  4.5
Fighting       | 4 |  4.2
Long Blades    | 3 5 |  5.4
Armour         | 4 |  4.6

Action                   |  1- 3 |  4- 6 || total
-------------------------+-------+-------++-------
Melee: Long sword        |    91 |    14 ||   105
       Headbutt          |    10 |     3 ||    13
  Use: Potion            |     1 |       ||     1
  Eat: Chunk             |     3 |     1 ||     4
Armor: Scale mail        |    53 |     4 ||    57
Dodge: Dodged            |    35 |     4 ||    39
Block: Kite shield       |    54 |     9 ||    63
       Rpst.: Long sword |    11 |     2 ||    13
